 Dungeon Crawl Stone Soup version 0.17.2-1-ge4368a0 (webtiles) character file.

108 Goblin1989 the Ruffian (level 4, 0/35 HPs)
             Began as a Demonspawn Fighter on Oct 16, 2016.
             Succumbed to a worker ant's poison
             ... on level 4 of the Dungeon.
             The game lasted 00:06:48 (751 turns).

Goblin1989 the Ruffian (Demonspawn Fighter)          Turns: 751, Time: 00:06:48

Health: 0/35       AC:  8    Str: 23    XL:     4   Next: 58%
Magic:  4/4        EV:  7    Int:  9    God:
Gold:   12         SH:  9    Dex: 12    Spells: 0 memorised, 3 levels left

rFire  . . .     SeeInvis .     a - +0 war axe
rCold  . . .     Clarity  .     b - +0 scale mail
rNeg   . . .     SustAt   .     c - +0 shield
rPois  .         Gourm    .     (no helmet)
rElec  .         Spirit   .     (no cloak)
rCorr  .         Warding  .     (no gloves)
rMut   +         Stasis   .     (no boots)
MR     .....                    j - amulet of resist mutation
Stlth  ..........               (no ring)
                                (no ring)

@: mighty, lethally poisoned (0 -> -2), not resistant to hostile enchantments,
extremely unstealthy
A: claws 1, yellow scales 1
a: no special abilities


You were on level 4 of the Dungeon.
You were not hungry.

You visited 1 branch of the dungeon, and saw 4 of its levels.

You collected 12 gold pieces.

Inventory:

Hand Weapons
 a - a +0 war axe (weapon)
Armour
 b - a +0 scale mail (worn)
 c - a +0 shield (worn)
Jewellery
 j - an amulet of resist mutation (around neck)
Wands
 g - a wand of disintegration (0)
Scrolls
 l - a scroll of noise {!r}
Comestibles
 e - 3 bread rations {@e1}


   Skills:
 - Level 3.2 Fighting
 - Level 1.8 Axes
 - Level 2.8 Armour
 - Level 2.8 Shields
 * Level 3.4 Unarmed Combat


You had 3 spell levels left.
You didn't know any spells.

Dungeon Overview and Level Annotations

Branches:
Dungeon (4/15)
 Temple: D:4-7

Altars:
Gozag


Innate Abilities, Weirdness & Mutations

You have sharp fingernails.
You are partially covered in yellow scales (AC +2).


Message History

Evoking this partially-identified wand wasted a few charges.
Evoke which item? (* to show all) (? for menu, Esc to quit)
Zapping:
g - a wand of disintegration {zapped: 5} (will waste charges)
Press: ? - help, Shift-Dir - straight line The rock wall explodes into countless fragments.
Evoking this partially-identified wand wasted a few charges.
* * * LOW HITPOINT WARNING * * *
You feel sick.
You take 1 damage, and have 1/35 hp.
Evoke which item? (* to show all) (? for menu, Esc to quit)
Zapping:
g - a wand of disintegration {zapped: 8} (will waste charges)
Press: ? - help, Shift-Dir - straight line The rock wall explodes into countless fragments.
Evoking this partially-identified wand wasted a few charges.
Evoke which item? (* to show all) (? for menu, Esc to quit)
Zapping:
g - a wand of disintegration {zapped: 10} (will waste charges)
Press: ? - help, Shift-Dir - straight line The rock wall explodes into countless fragments.
Evoking this partially-identified wand wasted a few charges.
You die... ਜ ਜਜਜਜਜਜਜਜਜਜਜਜਜਜ

.............ਜਜਜਜਜਜ
ਜਜਜਜਜਜਜਜਜਜਜਜ....@.ਜ
......... ਜ.ਜਜਜਜਜਜ
ਜ.ਜਜਜਜਜਜ ਜ.ਜ ....ਜਜ
ਜ.ਜਜਜਜਜਜ ...8.ਜ
ਜ......ਜ .....ਜ.ਜ
ਜ...ਜਜ.ਜ .⌂.....ਜ
ਜ...ਜਜ.ਜ .....ਜ.ਜ
ਜ...ਜਜ.ਜ ...8.ਜ.ਜ
ਜ...ਜਜ.ਜ


There were no monsters in sight!

Vanquished Creatures
  A hound (D:4)
  2 worker ants (D:4)
  2 adders (D:4)
  A worm (D:3)
  3 jackals (D:1)
  2 giant geckos
  2 goblins (D:1)
  2 kobolds
  A quokka (D:3)
  3 rats
19 creatures vanquished.

Notes
Turn   | Place    | Note
--------------------------------------------------------------
     0 | D:1      | Goblin1989 the Demonspawn Fighter began the quest for the Orb.
     0 | D:1      | Reached XP level 1. HP: 18/18 MP: 1/1
   192 | D:3      | Gained mutation: You have sharp fingernails. [demonic ancestry]
   192 | D:3      | Reached XP level 2. HP: 22/24 MP: 2/2
   322 | D:4      | Reached skill level 1 in Unarmed Combat
   326 | D:4      | Found an opulent altar of Gozag.
   420 | D:4      | Gained mutation: You are partially covered in yellow scales (AC +2). [demonic ancestry]
   420 | D:4      | Reached XP level 3. HP: 6/29 MP: 3/3
   598 | D:4      | Reached XP level 4. HP: 15/35 MP: 4/4
   744 | D:4      | HP: 1/35 [poisoned by a worker ant]
   751 | D:4      | Succumbed to a worker ant's poison

Action                   |  1- 3 |  4- 6 || total
-------------------------+-------+-------++-------
Melee: War axe           |    84 |     9 ||    93
Evoke: Wand              |       |     5 ||     5
  Use: Potion            |     3 |     1 ||     4
       Scroll            |       |     2 ||     2

Vault maps used:
D:1:      minmay_arrival_three_doors
D:2:      kennysheep_big_flooded_room, gammafunk_temple_overflow_pools,
          uniq_natasha
D:3:      grunt_temple_overflow_open, cheibrodos_ashenzari_chains
D:4:      grunt_gozag_statues
